 Dungeon Crawl Stone Soup version 0.22-a0-608-g8a62e23 (webtiles) character file.

58 emperorscorpion the Caller (level 3, -7/19 HPs)
             Began as a Deep Elf Summoner on July 10, 2018.
             Splashed by Ijyb's acid (16 damage)
             ... on level 3 of the Dungeon.
             The game lasted 00:05:29 (2954 turns).

emperorscorpion the Caller (Deep Elf Summoner)      Turns: 2954, Time: 00:05:30

Health: -7/19      AC:  2    Str:  5    XL:     3   Next: 75%
Magic:  19/19      EV: 13    Int: 20    God:
Gold:   93         SH:  0    Dex: 15    Spells: 7/10 levels left

rFire    . . .     SeeInvis .   d - +0 short sword
rCold    . . .     Gourm    .   (no shield)
rNeg     . . .     Faith    .   a - +0 robe
rPois    .         Spirit   .   (no helmet)
rElec    .         Reflect  .   (no cloak)
rCorr    .         Harm     .   (no gloves)
MR       .....                  (no boots)
Stlth    ++........             (no amulet)
HPRegen  0.06/turn              g - ring of magical power
MPRegen  0.16/turn              (no ring)

@: no status effects
A: no striking features
a: no special abilities


You were on level 3 of the Dungeon.
You were not hungry.

You visited 1 branch of the dungeon, and saw 3 of its levels.

You collected 93 gold pieces.

Inventory:

Hand Weapons
 d - a +0 short sword (weapon)
 m - a +0 hunting sling
Missiles
 b - 52 stones (quivered)
 e - 64 bolts
 s - 37 arrows
 w - 7 tomahawks
Armour
 a - a +0 robe (worn)
Jewellery
 g - a ring of magical power (left hand)
Scrolls
 h - 2 scrolls of fear {unknown}
 i - a scroll of blinking {unknown}
 j - a scroll of remove curse {unknown}
 o - a scroll of fog {unknown}
 p - 2 scrolls of amnesia {unknown}
 q - a scroll of teleportation {unknown}
 r - a scroll of enchant weapon {unknown}
 v - 4 scrolls of identify {unknown}
Potions
 f - 2 potions of lignification {unknown}
 k - a potion of berserk rage {unknown}
 l - 3 potions of flight {unknown}
 n - a potion of invisibility {unknown}
 t - a potion of resistance {unknown}
 u - 2 potions of curing {unknown}
 x - 2 potions of might {unknown}
Comestibles
 c - 7 rations
 z - 2 chunks of flesh


   Skills:
 + Level 0.1 Fighting
 + Level 1.1 Short Blades
 + Level 2.6 Dodging
 - Level 2.4 Stealth
 + Level 4.2 Spellcasting
 + Level 5.0 Summonings


You had 7 spell levels left.
You knew the following spells:

 Your Spells              Type           Power        Failure   Level  Hunger
a - Summon Small Mammal   Summ           ###.         1%          1    None
b - Call Imp              Summ           ###.....     2%          2    #......

Your spell library contained the following spells:

 Spells                   Type           Power        Failure   Level  Hunger
 Summon Ice Beast         Ice/Summ       ##......     41%         4    ####...
 Call Canine Familiar     Summ           ###.....     4%          3    ###....
 Summon Lightning Spire   Summ/Air       ##......     41%         4    ####...
 Summon Guardian Golem    Hex/Summ       ##......     13%         3    ###....


Dungeon Overview and Level Annotations

Branches:
Dungeon (3/15)

Altars:

Annotations:
D:3 Ijyb


Message History

You see here a ball python skeleton. x2
Eating one of 3 chunks of flesh.
You eat one of the 3 chunks of flesh.
This raw flesh tastes terrible.
You open the door.
There is an open door here.
You now have 82 gold pieces (gained 6).
Your crimson imp disappears in a puff of smoke!
Your white imp disappears in a puff of smoke!
You open the door.
Your white imp disappears in a puff of smoke!
There is an open door here.
You now have 93 gold pieces (gained 11).
Ijyb the Twisted Goblin comes into view.
Ijyb is nearby!
Ijyb shouts!
Ijyb zaps a wand.
The bolt of acid hits you!
Ouch! That really hurt!
You are splashed with acid!
The acid burns!
Ouch! That really hurt!
You die...

### ## #.g .#
##### #.###.#####
##...5 ########
#.#........##..###
.......#
#.#.#.##.......##
######.#
#@#.#.##.#......#
#.# #.#.#.#
#.....## #.##
#.....##.####..#
#..#
###.####.......#
##.# #.# ######.##
#.# #.# ##'## #.#
##.# ##...##
####.# #..#
##.....## ##.##.#
#..## ##.......#


You could see Ijyb.

Vanquished Creatures
  A dart slug (D:1)
  A ball python (D:2)
  A giant cockroach (D:2)
  A goblin (D:2)
  3 hobgoblins
  A jackal (D:3)
  2 bats
  2 frilled lizards
  A kobold (D:1)
  A quokka skeleton (D:3)
  4 rats
18 creatures vanquished.

Vanquished Creatures (collateral kills)
  3 adders
  A worm (D:2)
  3 dart slugs (D:2)
  3 giant cockroaches
  3 goblins
  3 hobgoblins
  3 jackals (D:3)
  5 kobolds
  A ball python (D:3)
  2 bats
  3 frilled lizards
  3 rats (D:1)
33 creatures vanquished.

Grand Total: 51 creatures vanquished

Notes
Turn   | Place    | Note
-------+----------+-------------------------------------------
     0 | D:1      | emperorscorpion the Deep Elf Summoner began the quest for the Orb.
     0 | D:1      | Reached XP level 1. HP: 10/10 MP: 6/6
   468 | D:1      | Reached XP level 2. HP: 15/15 MP: 8/8
   578 | D:1      | Learned a level 2 spell: Call Imp
  1624 | D:2      | Reached XP level 3. HP: 17/19 MP: 10/10
  2251 | D:3      | Reached skill level 1 in Short Blades
  2904 | D:3      | Reached skill level 5 in Summonings
  2953 | D:3      | Noticed Ijyb
  2954 | D:3      | Splashed by Ijyb's acid

Vault maps used:
D:1:      lightli_arrival_farm
D:2:      hex_medium
D:3:      uniq_ijyb

Skill      XL: |  1  2  3 |
---------------+----------+-----
Spellcasting   | 4 |  4.2
Short Blades   | 1 |  1.1
Summonings     | 5 |  5.0
Fighting       | |  0.1
Dodging        | |  2.6
Stealth        | |  2.4

Action                   || total
-------------------------++-------
Melee: Short sword       ||    69
 Cast: Summon Small Mamm ||    31
       Call Imp          ||    31
 Stab: Sleeping          ||     4
       Distracted        ||     1
  Eat: Chunk             ||     7
Armor: Robe              ||     9
Dodge: Dodged            ||    60

Table legend:
 A = Spawn XP
 B = Non-spawn XP
 C = Spawn XP percentage of total XP
 D = Spawn monster count
 E = Non-spawn monster count
 F = Spawn count percentage of total count
 G = Total turns spent on level
                    A         B        C        D         E        F      G
               +---------+---------+-------+---------+---------+-------+---------
         Total |       0 |      83 |   0.0 |       0 |      51 |   0.0 |  2954
               +---------+---------+-------+---------+---------+-------+---------
           D:1 |       0 |      17 |   0.0 |       0 |      14 |   0.0 |   937
           D:2 |       0 |      39 |   0.0 |       0 |      19 |   0.0 |  1021
           D:3 |       0 |      27 |   0.0 |       0 |      18 |   0.0 |   996
               +---------+---------+-------+---------+---------+-------+---------
